 Dungeon Crawl Stone Soup version 0.32-a0-672-gff75c0d (webtiles) character file.

Game seed: 15340931854853295766

2177 Dorkslayer the Covert (level 9, -3/60 HPs)
             Began as an Octopode Fighter on Mar 10, 2024.
             Was an Initiate of Dithmenos.
             Slain by a hornet (18 damage)
             ... while paralysed by a hornet
             ... on level 8 of the Dungeon.
             The game lasted 00:16:45 (5744 turns).

Dorkslayer the Covert (Octopode Fighter)            Turns: 5744, Time: 00:16:46

Health: -3/60      AC:  1    Str: 31    XL:     9   Next: 32%
Magic:  18/18      EV:  2    Int:  8    God:    Dithmenos [......]
Gold:   1750       SH:  0    Dex: 16    Spells: 8/8 levels left

rFire   + + +        f - +1 mace of Wizarding Execution {heavy, *Noise MP+9 Dex+5}
rCold   . . .        a - +0 buckler
rNeg    + + +        (helmet restricted)
rPois   .            l - amulet of reflection
rElec   .            b - ring "Ufiggufa" {rF+++ rN+++ Str+6 Int-3}
rCorr   .            u - +6 ring of strength
SInv    .            (no ring)
Will    .....        (no ring)
Stlth   +++++        (no ring)
HPRegen 0.30/turn    (no ring)
MPRegen 0.16/turn    (no ring)
                     (no ring)

%: reflection
@: paralysed, slowed
A: almost no armour, amphibious, 8 rings, camouflage 1, gelatinous body 1,
(nimble swimmer 1), tentacles
a: Renounce Religion


You were on level 8 of the Dungeon.
You worshipped Dithmenos.
Dithmenos was noncommittal.
You visited 2 branches of the dungeon, and saw 9 of its levels.
You also visited: Ossuary.

You collected 1809 gold pieces.
You spent 59 gold pieces at shops.

Inventory:

Hand Weapons
 d - a +1 war axe of flaming
 f - the +1 mace of Wizarding Execution (weapon) {heavy, *Noise MP+9 Dex+5}
   (You found it on level 2 of the Dungeon)

   Dex+5:     It affects your dexterity (+5).
   MP+9:      It affects your magic capacity (+9).
   *Noise:    It may make a loud noise when swung.
Missiles
 m - 10 boomerangs (quivered)
 t - a throwing net
Armour
 a - a +0 buckler (worn)
Jewellery
 b - the ring "Ufiggufa" (left tentacle) {rF+++ rN+++ Str+6 Int-3}
   (You acquired it on level 4 of the Dungeon)

   [ring of strength]

   Str+6:     It affects your strength (+6).
   Int-3:     It affects your intelligence (-3).
   rF+++:     It renders you almost immune to fire.
   rN+++:     It renders you almost immune to negative energy.
 l - an amulet of reflection (around mantle)
 u - a +6 ring of strength (right tentacle)
Wands
 o - a wand of charming (1)
 r - a wand of flame (17)
Scrolls
 c - a scroll of poison
 i - 2 scrolls of blinking
 p - 2 scrolls of teleportation
 v - a scroll of fog
Potions
 e - 2 potions of enlightenment
 g - a potion of heal wounds
 h - 4 potions of curing
 j - 2 potions of mutation {unknown}
 k - 4 potions of haste
 n - 2 potions of brilliance
 q - a potion of berserk rage {unknown}
 s - 2 potions of might
 w - 2 potions of invisibility {unknown}
 x - a potion of magic {unknown}


   Skills:
 * Level 4.9 Fighting
 + Level 5.2 Maces & Flails
 + Level 0.3 Throwing
 + Level 4.8 Dodging
 + Level 8.0 Stealth
 + Level 4.8 Shields
 * Level 5.9 Unarmed Combat
 * Level 2.4 Evocations


You had 8 spell levels left.
You didn't know any spells.
Your spell library contained the following spells:

 Spells                   Type           Power      Damage    Failure   Level
 Sting                    Conj/Alch      0%         1d3       45%         1
 Summon Small Mammal      Summ           0%         N/A       45%         1
 Blink                    Tloc           0%         N/A       58%         2
 Lesser Beckoning         Tloc           0%         N/A       58%         2
 Mercury Vapours          Alch/Air       0%         N/A       58%         2
 Momentum Strike          Conj/Tloc      0%         3d8       58%         2
 Call Canine Familiar     Summ           0%         N/A       83%         3
 Stone Arrow              Conj/Erth      0%         3d7       83%         3
 Summon Ice Beast         Ice/Summ       0%         N/A       83%         3
 Vampiric Draining        Necr           0%         2d6       83%         3
 Martyr's Knell           Necr/Summ      0%         N/A       99%         4
 Olgreb's Toxic Radiance  Alch           0%         N/A       99%         4
 Summon Blazeheart Golem  Fire/Summ      0%         N/A       99%         4
 Metabolic Englaciation   Hex/Ice        0%         N/A       100%        5
 Summon Mana Viper        Hex/Summ       0%         N/A       100%        5
 Monstrous Menagerie      Summ           0%         N/A       100%        7
 Discord                  Hex            0%         N/A       100%        8
 Lehudib's Crystal Spear  Conj/Erth      0%         10d2      100%        8
 Animate Armour           Summ/Erth      Unusable   N/A       N/A         4

Dungeon Overview and Level Annotations

Branches:
Dungeon (8/15)             Temple (1/1) D:6         Ossuary (visited)
   Lair: D:8-11

Altars:
Ashenzari
Cheibriados
Dithmenos
Elyvilon
Fedhas
Gozag
Hepliaklqana
Kikubaaqudgha
Makhleb
Nemelex Xobeh
Okawaru
Qazlal
Ru
Sif Muna
Trog
Uskayaw
Vehumet
Wu Jian
Xom
Yredelemnul
Zin
The Shining One

Shops:
D:8 *


Innate Abilities, Weirdness & Mutations

You cannot wear most types of armour.
You are amphibious.
You can wear up to eight rings at the same time.
Your skin changes colour to match your surroundings (Stealth+).
Your rubbery body absorbs attacks. (AC +1, EV +1)
((You are camouflaged when in or above water. (Stealth+)))
You have tentacles for arms and can constrict up to eight enemies at once.


Message History

The puff of flame misses the hornet.
You barely miss the hornet. Your grab misses the hornet.
Your squeeze misses the hornet.
The hornet is heavily wounded.
The hornet stings you.
You feel yourself slow down. You block the hornet's attack.
The hornet completely misses you.
You barely miss the hornet. Your grab misses the hornet.
The hornet is heavily wounded.
You feel yourself speed up. The hornet stings you.
You feel yourself slow down. The hornet closely misses you.
The hornet completely misses you. The hornet stings you!
You feel as though you will be slow longer.
You hit the hornet but do no damage. Your grab misses the hornet.
The hornet is heavily wounded.
You block the hornet's attack. The hornet stings you.
You are poisoned.
You feel as though you will be slow longer.
The hornet stings you!
You feel as though you will be slow longer.
The hornet stings you!
* * * LOW HITPOINT WARNING * * *
You are lethally poisoned!
You feel as though you will be slow longer.
Unknown command.
You feel much better.
You feel extremely sick. You block the hornet's attack. The hornet stings you!
You are lethally poisoned!
You feel as though you will be slow longer.
You feel better. You block the hornet's attack. x2
You hit the hornet but do no damage. Your grab misses the hornet.
You squeeze the hornet, but do no damage.
The hornet is heavily wounded.
The hornet barely misses you. The hornet stings you!
* * * LOW HITPOINT WARNING * * *
You suddenly lose the ability to move!
The hornet stings you but does no damage.
The hornet stings you!!
You die...

....... #....
..........###.....
..................
...........((......
...................
..................K
...................
.........y...)......
.........@..####..K.
...........## .
#.........####
#...........##.
#...............
#......∩....##..
##.......#####
#........#
........##


You could see a hornet.

Vanquished Creatures
  Grinder (D:4)
  Sigmund (D:4)
  A wyvern (D:7)
  Menkaure (D:6)
  A water moccasin (D:7)
  An ogre (D:6)
  2 centaurs
  A gnoll sergeant (D:8)
  3 scorpions
  2 howler monkeys
  A bombardier beetle (D:3)
  4 hounds
  2 gnoll boudas (D:6)
  2 jellies
  An orc priest (D:7)
  A sleepcap (D:6)
  Crazy Yiuf (D:3)
  4 iguanas
  2 orc wizards (D:7)
  8 mummies (Ossuary)
  9 gnolls
  3 adders
  A shadow imp (D:5)
  A white imp (D:5)
  3 ribbon worms (D:3)
  A dart slug (D:2)
  15 orcs
  3 ball pythons
  9 bats
  4 endoplasms
  3 giant cockroaches (D:1)
  A gnoll zombie (Ossuary)
  10 hobgoblins
  10 jackals
  14 kobolds
  5 quokkas
  2 frilled lizards
  4 goblins
  3 hobgoblin zombies (Ossuary)
  2 kobold zombies (Ossuary)
  2 orc zombies (Ossuary)
  5 rats
150 creatures vanquished.

Vanquished Creatures (collateral kills)
  3 gnolls (D:8)
3 creatures vanquished.

Vanquished Creatures (others)
  A gnoll (D:8)
1 creature vanquished.

Grand Total: 154 creatures vanquished

Notes
Turn   | Place    | Note
-------+----------+-------------------------------------------
     0 | D:1      | Dorkslayer the Octopode Fighter began the quest for the
                  | Orb.
     0 | D:1      | Reached XP level 1. HP: 16/16 MP: 1/1
    76 | D:1      | Reached XP level 2. HP: 21/21 MP: 2/2
   682 | D:2      | Reached XP level 3. HP: 22/26 MP: 3/3
   764 | D:2      | Identified the +1 mace of Wizarding Execution {heavy,
                  | *Noise MP+9 Dex+5}
   953 | D:2      | Reached XP level 4. HP: 31/31 MP: 4/4
  1052 | D:2      | Reached skill level 1 in Stealth
  1124 | D:2      | Found a hide-covered altar of Uskayaw.
  1382 | D:3      | Reached skill level 2 in Stealth
  1382 | D:3      | Reached XP level 5. HP: 34/36 MP: 5/5
  1392 | D:3      | Identified the +1 robe "Notyes" {rN+ rCorr Int+2}
  1477 | D:3      | Found a faded altar of an unknown god.
  1531 | D:3      | Found a basalt altar of Yredelemnul.
  1575 | D:3      | Reached skill level 1 in Maces & Flails
  1605 | D:3      | Found a hide-covered altar of Uskayaw.
  1606 | D:3      | Got the Spellbook of Dominance
  1747 | D:3      | Found a runed translucent door.
  1748 | D:3      | Noticed Crazy Yiuf
  1752 | D:3      | Killed Crazy Yiuf
  2068 | D:4      | Found a sand-covered staircase.
  2075 | Ossuary  | Entered an ossuary
  2092 | Ossuary  | Reached skill level 3 in Stealth
  2107 | Ossuary  | Reached XP level 6. HP: 42/42 MP: 6/6
  2381 | D:4      | Identified a scroll of acquirement
  2381 | D:4      | Acquired the ring "Ufiggufa" {rF+++ rN+++ Str+6 Int-3}
  2529 | D:4      | Reached skill level 4 in Stealth
  2573 | D:4      | Noticed Grinder
  2580 | D:4      | Killed Grinder
  2581 | D:4      | Reached XP level 7. HP: 46/47 MP: 7/7
  2863 | D:4      | Noticed Sigmund
  2870 | D:4      | Killed Sigmund
  2871 | D:4      | Reached skill level 5 in Stealth
  2894 | D:4      | Acquired 1121 gold pieces
  3022 | D:5      | Entered Level 5 of the Dungeon
  3057 | D:5      | Reached XP level 8. HP: 54/54 MP: 8/8
  3301 | D:5      | Reached skill level 6 in Stealth
  3343 | D:5      | Found an iron altar of Okawaru.
  3368 | D:5      | Acquired a +0 war axe of flaming
  3722 | D:6      | Noticed Menkaure
  3724 | D:6      | Killed Menkaure
  3725 | D:6      | Reached skill level 5 in Unarmed Combat
  3958 | D:6      | Reached skill level 7 in Stealth
  4095 | D:6      | Found a staircase to the Ecumenical Temple.
  4109 | Temple   | Entered the Ecumenical Temple
  4114 | Temple   | Became a worshipper of Dithmenos the Shadowed
  4309 | D:6      | Reached skill level 1 in Evocations
  4750 | D:7      | Reached skill level 5 in Maces & Flails
  4750 | D:7      | Reached XP level 9. HP: 54/59 MP: 9/9
  4773 | D:7      | Found an opulent altar of Gozag.
  4801 | D:7      | Found a broken altar of Ashenzari.
  4981 | D:7      | Found a snail-covered altar of Cheibriados.
  5037 | D:7      | Reached skill level 8 in Stealth
  5144 | D:7      | Found an ornate altar of the Wu Jian Council.
  5714 | D:8      | Found Pirriymn's Assorted Antiques.
  5722 | D:8      | Bought 2 lumpy orange potions for 59 gold pieces
  5726 | D:8      | Noticed a hornet
  5744 | D:8      | Paralysed by a hornet for 3 turns
  5744 | D:8      | Slain by a hornet

Illustrated notes

Levels and vault maps discovered:
D:1:      matt_arrival_grand_opening, layout_basic, minmay_split_cup_small
D:2:      layout_loops_corners, basic_altar
D:3:      minmay_wonky_spiral, layout_loops_ring, yredelemnul_altar_generic,
          lemuel_doored_altar, ebering_ecumenical_altar_rust,
          uniq_crazy_yiuf_cottage
D:4:      layout_gridville, chequers_ossuary_entry_cave,
          kennysheep_generic_room_5, uniq_grinder, uniq_sigmund
D:5:      layout_gridville, overflow_temple_1_default, minmay_stone_trees_small
D:6:      layout_loops_ring, minmay_temple_entry_wispy, uniq_menkaure
D:7:      layout_loops_ring, cheibriados_altar_1, mainiacjoe_overflow_two_lobes,
          nzn_wu_jian_contemplation
D:8:      layout_layer_cave, serial_shops, shop, minmay_three_doors
Temple:   minmay_freezing_vapour_temple

Skill      XL: |  1  2  3  4  5  6  7  8  9 |
---------------+----------------------------+-----
Stealth        | 2 3 4 5 7 8 |  8.0
Unarmed Combat | 3 4 5 |  5.9
Maces & Flails | 1 2 3 5 |  5.2
Dodging        | 4 |  4.8
Fighting       | 4 |  4.9
Shields        | 4 |  4.8
Evocations     | 1 2 |  2.4
Throwing       | |  0.3

Action                     |  1- 3 |  4- 6 |  7- 9 || total
---------------------------+-------+-------+-------++-------
  Melee: Unarmed           |    49 |       |       ||    49
         Constrict         |    18 |    27 |    31 ||    76
         Tentacles         |     8 |    11 |    23 ||    42
         Punch             |     3 |       |       ||     3
         Mace              |     4 |    83 |   113 ||   200
  Throw: Throwing net      |       |       |     2 ||     2
         Boomerang         |       |       |     3 ||     3
  Evoke: Wand              |       |       |     8 ||     8
    Use: Scroll            |       |     9 |    11 ||    20
         Potion            |       |     3 |     3 ||     6
   Stab: Sleeping          |     4 |    12 |    12 ||    28
         Distracted        |       |       |     2 ||     2
         Held in net/web   |       |       |     1 ||     1
 Armour: Skin              |    29 |    35 |    68 ||   132
  Dodge: Dodged            |    37 |    51 |    59 ||   147
  Block: Buckler           |    15 |    46 |    79 ||   140
         Reflection        |       |     3 |     2 ||     5

Table legend: (Time is in decaauts)
 A = Elapsed time spent in this place.
 B = Non-inter-level travel time spent in this place.
 C = Inter-level travel time spent in this place.
 D = Time resting spent in this place.
 E = Time spent auto-exploring this place.
 F = Levels seen in this place.
 G = Mean time per level.
                   A        B        C        D        E       F      G
               +--------+--------+--------+--------+--------+-----+--------+
         Total |   5906 |   5892 |     14 |    103 |   3602 |  10 |  590.6 |
       Dungeon |   5676 |   5662 |     14 |    103 |   3534 |   8 |  709.5 |
        Temple |     10 |     10 |      0 |      0 |      0 |   1 |   10.0 |
       Ossuary |    219 |    219 |      0 |      0 |     68 |   1 |  219.0 |
               +--------+--------+--------+--------+--------+-----+--------+

Top non-repeatable levels by time:
     D:6: 945 daAuts
     D:7: 832 daAuts
     D:4: 784 daAuts
     D:2: 763 daAuts
     D:3: 761 daAuts
     D:5: 702 daAuts
     D:1: 595 daAuts
     D:8: 292 daAuts
 Ossuary: 219 daAuts
  Temple: 10 daAuts
